 Dungeon Crawl Stone Soup version 0.22.1-2-g9c5b331383 (webtiles) character file.

20 Gargoyl the Skirmisher (level 2, -3/26 HPs)
             Began as a Centaur Abyssal Knight on Dec 13, 2018.
             Was a Follower of Lugonu.
             Slain by Natasha (7 damage)
             ... on level 2 of the Dungeon.
             The game lasted 00:02:12 (1086 turns).

Gargoyl the Skirmisher (Centaur Abyssal Knight)     Turns: 1086, Time: 00:02:13

Health: -3/26      AC:  8    Str: 11 (14) XL:     2   Next: 58%
Magic:  3/3        EV:  0    Int:  8 (11) God:    Lugonu [*.....]
Gold:   87         SH:  0    Dex:  7 (8)  Spells: 1/1 levels left

rFire    . . .     SeeInvis .   a - +1 hand axe
rCold    . . .     Gourm    .   (no shield)
rNeg     . . .     Faith    .   j - +0 plate armour
rPois    .         Spirit   .   (no helmet)
rElec    .         Reflect  .   (no cloak)
rCorr    .         Harm     .   (no gloves)
MR       .....                  (no barding)
Stlth    ..........             e - amulet of magic regeneration
HPRegen  0.08/turn              (no ring)
MPRegen  0.33/turn              (no ring)

@: flying, very quick
A: large, hooves 3, deformed body, speed 2, tough skin 3, [subdued magic 2]
a: Depart the Abyss, Renounce Religion


You were on level 2 of the Dungeon.
You worshipped Lugonu.
Lugonu was aware of your devotion.
You were not hungry.

You visited 1 branch of the dungeon, and saw 2 of its levels.
You visited the Abyss 1 time.

You collected 87 gold pieces.

Inventory:

Hand Weapons
 a - a +1 hand axe (weapon)
Armour
 j - a +0 plate armour (worn)
Jewellery
 e - an amulet of magic regeneration (around neck)
Scrolls
 g - 2 scrolls of teleportation {unknown}
 i - 8 scrolls of identify {unknown}
Comestibles
 c - 3 rations


   Skills:
 + Level 3.4 Fighting
 + Level 2.1 Axes
 * Level 1.6 Armour
 + Level 0.6 Dodging
 * Level 2.2 Invocations


You had one spell level left.
You didn't know any spells.
Your spell library was empty.

Dungeon Overview and Level Annotations

Branches:
Dungeon (2/15)

Altars:

Annotations:
D:2 Natasha


Innate Abilities, Weirdness & Mutations

You have hooves in place of feet.
Armour fits poorly on your strangely shaped body.
You cover ground very quickly.
You have extremely tough skin. (AC +3)
[Your spells are easier to cast, but less powerful.]


Message History

You barely miss Natasha. You kick Natasha.
Natasha is heavily wounded.
Natasha claws you but does no damage.
You hit Natasha. Your kick misses Natasha.
Natasha is severely wounded.
Natasha claws you but does no damage.
Unknown command.
It was a potion of degeneration.
There was something very wrong with that liquid.
You feel weakened.
You feel dopey.
You feel clumsy.
Natasha mumbles some strange words.
It was a potion of flight.
You feel very buoyant.
You fly up into the air.
Natasha drinks a potion.
Natasha is healed!
Unknown command.
You hit Natasha.
Natasha is lightly wounded.
Natasha extends her claws.
Natasha claws you!
You die...

####.##..# #.# #####.
.....##..# #.# ......
....^.#..# #.# #####
........###########.#
#................#
#...##############
#...# #..5#####
#..Kh@..# ##.g###.#
#.(.# # .g.......#
..........#
#.........#
'......#..#
#......#...
#......##..#


You could see Natasha, a shadow imp, a goblin and a kobold.

Vanquished Creatures
  A leopard gecko (D:1)
  3 bats (D:1)
  A giant cockroach (D:2)
  5 goblins
  A hobgoblin (D:1)
  A kobold (D:1)
  A ball python (D:1)
  4 rats (D:1)
17 creatures vanquished.

Notes
Turn   | Place    | Note
-------+----------+-------------------------------------------
     0 | Abyss:1  | Gargoyl the Centaur Abyssal Knight began the quest for the
                  | Orb.
     0 | Abyss:1  | Reached XP level 1. HP: 19/19 MP: 2/2
    23 | Abyss:2  | Noticed a worldbinder
    26 | Abyss:2  | Noticed an orb spider
    28 | Abyss:2  | Noticed a jumping spider
    28 | Abyss:2  | Noticed a tarantella
    55 | Abyss:2  | Noticed a small abomination
    57 | Abyss:2  | Noticed a jumping spider
    57 | Abyss:2  | Noticed a tarantella
    69 | Abyss:2  | Noticed a tarantella
    69 | Abyss:2  | Noticed a tarantella
    71 | Abyss:2  | Noticed a wretched star
    76 | D:1      | Escaped the Abyss
   241 | D:1      | Reached XP level 2. HP: 24/26 MP: 3/3
   495 | D:1      | Reached * piety under Lugonu
   971 | D:2      | Found a faded altar of an unknown god.
  1070 | D:2      | Noticed Natasha
  1086 | D:2      | Slain by Natasha

Skill      XL: |  1 |
---------------+----+-----
Axes           | 2 |  2.1
Fighting       | |  3.4
Armour         | |  1.6
Dodging        | |  0.6
Invocations    | |  2.2

Action                   || total
-------------------------++-------
Melee: Hand axe          ||    40
       Kick              ||     7
Invok: Depart the Abyss  ||     1
  Use: Potion            ||     2
Armor: Leather armour    ||     9
       Plate armour      ||    10
Dodge: Dodged            ||    13
